cohdb
Replays
Latest Replays
All Replays
Popular Replays
Top Player Replays
Match Explorer
How It Works
Community
CoH3 Stats
Reddit
Sign in to upload your games and track your stats! →
Sign in with Steam
Match 42746721
Unlisted
Match 42746721
Overview
Messages
Build Orders
End
Kradschützen Motorcycle Team
Panzergrenadier Squad
Panzergrenadier Squad
Construct Light Support Kompanie
Assault Grenadier Squad
Fire Support Elements
Flakvierling Half-track
Assault Mechanized Group
2.5-tonne Medical Truck
Selects Armored Support Battlegroup
Selects Superior Fire Drills
Veteran Squad Leaders
Construct Panzerarmee Kommand
Emergency Repair Kits
Selects Flammpanzer III Medium Tank
Flammpanzer III Medium Tank
Vehicle Survival Package
Armored Reserves
Selects Salvage Kits
Rapid Advance
Tiger Heavy Tank
Miguel
K̳itsuné
0
0
Comments
sign in to comment!
No comments posted yet!